 Dungeon Crawl Stone Soup version 0.28-a0-512-g960c72b710 (webtiles) character file.

Game seed: 15068627957346854533

48 Lekart the Slasher (level 3, -4/33 HPs)
             Began as a Draconian Chaos Knight on Sept 22, 2021.
             Was a Plaything of Xom.
             Slain by Crazy Yiuf (13 damage)
             ... on level 2 of the Dungeon.
             The game lasted 00:01:23 (2399 turns).

Lekart the Slasher (Draconian Chaos Knight)         Turns: 2399, Time: 00:01:23

Health: -4/33      AC:  5    Str: 15    XL:     3   Next: 50%
Magic:  3/3        EV: 12    Int: 12    God:    Xom [...*..]
Gold:   106        SH:  0    Dex: 10    Spells: 2/2 levels left

rFire   . . .      SeeInvis .   a - +0 falchion (chaos)
rCold   . . .      Faith    .   (no shield)
rNeg    . . .      Spirit   .   (armour unavailable)
rPois   .          Reflect  .   (helmet restricted)
rElec   .          Harm     .   (no cloak)
rCorr   .          Rampage  .   (no gloves)
Will    .....                   (no boots)
Stlth   +.........              (no amulet)
HPRegen 0.11/turn               (no ring)
MPRegen 0.08/turn               (no ring)

@: lethally poisoned (-4 -> -12)
A: AC +5, unfitting armour, cold-blooded
a: Renounce Religion


You were on level 2 of the Dungeon.
You worshipped Xom.
You were a favourite toy of Xom.
You visited 1 branch of the dungeon, and saw 2 of its levels.

You collected 106 gold pieces.

Inventory:

Hand Weapons
 a - a +0 falchion of chaos (weapon)
Jewellery
 e - a +6 ring of strength
 h - an amulet of the acrobat
Scrolls
 d - a scroll of identify {unknown}
Potions
 b - a potion of lignification {unknown}
 c - a potion of degeneration {unknown}
 f - a potion of curing {unknown}
 g - a potion of attraction {unknown}


   Skills:
 + Level 3.7 Fighting
 + Level 3.8 Long Blades
 + Level 2.6 Dodging
 + Level 0.2 Stealth


You had 2 spell levels left.
You didn't know any spells.
Your spell library contained the following spells:

 Spells                   Type           Power      Damage    Failure   Level
 Call Canine Familiar     Summ           0%         N/A       69%         3
 Portal Projectile        Hex/Tloc       0%         N/A       69%         3
 Leda's Liquefaction      Hex/Erth       0%         N/A       97%         4


Dungeon Overview and Level Annotations

Branches:
Dungeon (2/15)

Altars:

Shops:
D:1 ?[

Annotations:
D:2 Crazy Yiuf


Innate Abilities, Weirdness & Mutations

Your plain brown scales are hard. (AC +5)
You cannot fit into any form of body armour.
You are cold-blooded and may be slowed by cold attacks.


Message History

No reachable target in view!
Could not explore, unopened runed door.
No reachable target in view!
Could not explore, unopened runed door.
No reachable target in view!
No reachable target in view!
You open the door. You closely miss Crazy Yiuf.
Crazy Yiuf shuffles his notes under his cloak.
Crazy Yiuf misses you.
You hit Crazy Yiuf. You freeze Crazy Yiuf.
You tail-slap Crazy Yiuf, but do no damage.
Crazy Yiuf is moderately wounded.
Crazy Yiuf misses you.
You hit Crazy Yiuf but do no damage.
Crazy Yiuf suddenly seems more agile.
Your tail-slap misses Crazy Yiuf.
Crazy Yiuf is moderately wounded.
Crazy Yiuf closely misses you.
You barely miss Crazy Yiuf.
Your tail-slap misses Crazy Yiuf.
Crazy Yiuf is moderately wounded.
Crazy Yiuf hits you with a +4 quarterstaff of chaos.
Crazy Yiuf freezes you.
You miss Crazy Yiuf.
Crazy Yiuf is moderately wounded.
Crazy Yiuf hits you with a +4 quarterstaff of chaos!
You are poisoned.
You hit Crazy Yiuf but do no damage. You tail-slap Crazy Yiuf.
Crazy Yiuf is heavily wounded.
You feel very sick. Crazy Yiuf barely misses you.
You hit Crazy Yiuf but do no damage.
Crazy Yiuf resists with some effort.
Crazy Yiuf is heavily wounded.
You feel very sick. Crazy Yiuf barely misses you.
You closely miss Crazy Yiuf.
Crazy Yiuf is heavily wounded.
* * * LOW HITPOINT WARNING * * *
You feel sick.
Crazy Yiuf hits you with a +4 quarterstaff of chaos!
You die...

##.# #))))#
#####.# #.#
#+..+#
#...>.# #.#
#))))#
#.##### #.#
##)).#
#.##########
#.# ##.##
#...........
#####.# ##.#
############
#.....# #.##
#.....# ##.#
#####.# #@##
#.# #g# ###
... #...#
#)..# #####


You could see Crazy Yiuf (agile).

Vanquished Creatures
  An adder (D:2)
  3 ball pythons
  7 endoplasms
  A giant cockroach (D:1)
  3 goblins
  5 hobgoblins
  3 jackals (D:2)
  4 bats
  2 frilled lizards (D:1)
  A kobold (D:1)
  3 rats
33 creatures vanquished.

Notes
Turn   | Place    | Note
-------+----------+-------------------------------------------
     0 | D:1      | Lekart the Draconian Chaos Knight began the quest for the
                  | Orb.
     0 | D:1      | Reached XP level 1. HP: 19/19 MP: 1/1
   147 | D:1      | Found Ygoah's Antique Armour Shop.
   251 | D:1      | XOM: silly message
   255 | D:1      | XOM: potion effect (invisibility)
   331 | D:1      | Reached XP level 2. HP: 23/26 MP: 2/2
  1092 | D:1      | XOM: silly message
  1145 | D:1      | Found Paiphug's Magic Scroll Boutique.
  1218 | D:1      | XOM: divination: detect items
  1523 | D:2      | Found a faded altar of an unknown god.
  1528 | D:2      | Reached XP level 3. HP: 25/31 MP: 3/3
  2140 | D:2      | XOM: cloud trail
  2268 | D:2      | Found a runed translucent door.
  2269 | D:2      | Noticed Crazy Yiuf
  2399 | D:2      | Slain by Crazy Yiuf

Illustrated notes

Levels and vault maps discovered:
D:1:      dpeg_arrival_circle_labyrinth_c, layout_loops_ring, serial_shops,
          shop, nicolae_shop_waterfront, minivault_24, serial_bayou_pond_c,
          hangedman_glass_teeth, hangedman_decor_growths,
          hangedman_abyss_or_decor_lesser_grid, kennysheep_another_room,
          minmay_tetromino_i2
D:2:      layout_rooms, ebering_ecumenical_altar_ruins, uniq_crazy_yiuf_cottage

Action                   || total
-------------------------++-------
Melee: Falchion          ||   101
       Tailslap          ||    11
 Stab: Sleeping          ||     1
Armor: Skin              ||    43
Dodge: Dodged            ||    75

Table legend: (Time is in decaauts)
 A = Elapsed time spent in this place.
 B = Non-inter-level travel time spent in this place.
 C = Inter-level travel time spent in this place.
 D = Time resting spent in this place.
 E = Time spent auto-exploring this place.
 F = Levels seen in this place.
 G = Mean time per level.
                   A        B        C        D        E       F      G
               +--------+--------+--------+--------+--------+-----+--------+
         Total |   2421 |   2319 |    102 |    377 |   1695 |   2 | 1210.5 |
       Dungeon |   2421 |   2319 |    102 |    377 |   1695 |   2 | 1210.5 |
               +--------+--------+--------+--------+--------+-----+--------+

Top non-repeatable levels by time:
     D:1: 1415 daAuts
     D:2: 1005 daAuts
